 Dungeon Crawl Stone Soup version 0.24.0-28-g17ded55e90 (webtiles) character file.

Game seed: 1193474763254544979, levelgen mode: deterministic

122080 Arum the Warrior (level 17, -22/149 HPs)
             Began as a Formicid Fighter on Nov 12, 2019.
             Was the Champion of Okawaru.
             Killed by the raging water
             ... invoked by a water nymph
              (44 damage)
             ... on level 1 of the Shoals.
             The game lasted 00:51:09 (27072 turns).

Arum the Warrior (Formicid Fighter)                Turns: 27072, Time: 00:51:09

Health: -22/149    AC: 23    Str: 25    XL:     17   Next: 41%
Magic:  19/20      EV: 19    Int:  9    God:    Okawaru [******]
Gold:   1907       SH: 17    Dex: 13    Spells: 16/16 levels left

rFire    . . .     SeeInvis +   u - +4 lajatang (pain)
rCold    + . .     Gourm    .   H - +2 shield {rC+}
rNeg     . . .     Faith    .   D - +3 chain mail {MR+}
rPois    .         Spirit   .   (helmet unavailable)
rElec    .         Reflect  .   R - scarf {repulsion}
rCorr    .         Harm     .   d - +2 pair of gloves {Str+3}
MR       +++..                  M - +0 pair of boots {Stlth+}
Stlth    ..........             o - amulet of magic regeneration
HPRegen  0.34/turn              C - ring of protection from magic
MPRegen  0.42/turn              (no ring)

@: heroism, repel missiles, very slow
A: permanent stasis, dig shafts and tunnels, four strong arms, antennae 3,
repulsion field 1, clumsy 1, mutation resistance 1, no potion heal 1
a: Dig, Shaft Self, Heroism, Finesse, Renounce Religion


You were on level 1 of the Shoals.
You worshipped Okawaru.
Okawaru was exalted by your worship.
You were not hungry.

You visited 4 branches of the dungeon, and saw 24 of its levels.
You also visited: Sewer and Bailey.

You collected 2232 gold pieces.
You spent 325 gold pieces at shops.

Inventory:

Hand Weapons
 t - a +4 antimagic quarterstaff
 u - a +4 lajatang of pain (weapon)
 B - a +0 quarterstaff of speed
 N - the +7 great mace "Undeadhunter" {disrupt, rN+}
   (You found it in a bailey)

   It protects you from negative energy.
Armour
 d - a +2 pair of gloves of strength (worn)
 x - a +0 cloak
 D - a +3 chain mail of magic resistance (worn)
 E - a +1 crystal plate armour
 F - the +1 plate armour "Nekli" {+Fly Str+3}
   (You found it on level 6 of the Dungeon)

   It affects your strength (+3).
   It lets you fly.
 H - a +2 shield of cold resistance (worn)
 M - a +0 pair of boots of stealth (worn)
 R - a scarf of repulsion (worn)
 U - a scarf of resistance
Jewellery
 l - an uncursed ring of ice
 m - an uncursed ring of positive energy
 o - an amulet of magic regeneration (around neck)
 C - a ring of protection from magic (left hand)
 O - an uncursed ring of protection from fire
Wands
 a - a wand of iceblast (15)
 c - a wand of acid (11)
 e - a wand of enslavement (5)
 v - a wand of digging (9)
 J - a wand of scattershot (3)
Scrolls
 g - 7 scrolls of identify
 h - a scroll of vulnerability
 i - 8 scrolls of remove curse
 k - 6 scrolls of amnesia
 p - 5 scrolls of immolation
 q - 9 scrolls of enchant armour
 r - 6 scrolls of magic mapping
 y - a scroll of fog
 G - 3 scrolls of fear
 K - 3 scrolls of torment
 P - 2 scrolls of summoning
Potions
 b - 4 potions of curing
 j - 7 potions of lignification
 s - 4 potions of agility
 w - 3 potions of mutation
 z - 8 potions of flight
 A - 6 potions of brilliance
 I - 3 potions of resistance
 L - 4 potions of might
 Q - 2 potions of ambrosia
 S - a potion of magic
Miscellaneous
 T - a phial of floods
Comestibles
 f - 53 rations
 n - 5 chunks of flesh


   Skills:
 + Level 17.8(22.8) Fighting
 - Level 14.2(19.2) Staves
 + Level 13.4(18.4) Armour
 + Level 9.5(14.5) Dodging
 - Level 12.2(17.2) Shields
 - Level 5.0 Invocations


You had 16 spell levels left.
You didn't know any spells.
Your spell library contained the following spells:

 Spells                   Type           Power        Failure   Level  Hunger
 Animate Skeleton         Necr           N/A          80%         1    ##.....
 Apportation              Tloc           #.....       80%         1    ##.....
 Beastly Appendage        Tmut           #.....       80%         1    ##.....
 Confusing Touch          Hex            #.....       80%         1    ##.....
 Magic Dart               Conj           #...         80%         1    ##.....
 Summon Small Mammal      Summ           #...         80%         1    ##.....
 Call Imp                 Summ           #.......     91%         2    ###....
 Searing Ray              Conj           #.....       91%         2    ###....
 Sticks to Snakes         Tmut           #.......     91%         2    ###....
 Call Canine Familiar     Summ           #.......     99%         3    ####...
 Dazzling Spray           Conj/Hex       #.....       99%         3    ####...
 Spider Form              Tmut/Pois      #.........   99%         3    ####...
 Summon Guardian Golem    Hex/Summ       #.......     99%         3    ####...
 Force Lance              Conj/Tloc      #.......     100%        4    #####..
 Fulminant Prism          Conj/Hex       #.........   100%        4    #####..
 Ice Form                 Ice/Tmut       #.......     100%        4    #####..
 Iskenderun's Mystic Bla  Conj           #.......     100%        4    #####..
 Summon Ice Beast         Ice/Summ       #.......     100%        4    #####..
 Summon Lightning Spire   Summ/Air       #.......     100%        4    #####..
 Blade Hands              Tmut           #.........   100%        5    ######.
 Metabolic Englaciation   Hex/Ice        #.........   100%        5    ######.
 Bolt of Cold             Conj/Ice       #.........   100%        6    #######
 Freezing Cloud           Conj/Ice/Air   #.........   100%        6    #######
 Ozocubu's Refrigeration  Ice            #.........   100%        6    #######
 Simulacrum               Ice/Necr       #.........   100%        6    #######


Dungeon Overview and Level Annotations

Branches:
Dungeon (15/15)            Temple (0/1) D:5            Lair (6/6) D:10
 Shoals (1/4) Lair:4       Spider (0/4) Lair:4        Slime (0/5) Lair:6
    Orc (2/2) D:12            Elf (0/3) Orc:2        Vaults (0/5) D:14
 Depths (0/5) D:15          Sewer (visited)          Bailey (visited)

Altars:
Ashenzari
Cheibriados
Elyvilon
Fedhas
Gozag
Hepliaklqana
Makhleb
Okawaru
Qazlal
Ru
Sif Muna
Trog
Uskayaw
Vehumet
Wu Jian
Xom
Yredelemnul
The Shining One
Jiyva

Shops:
D:6 ?   D:7 !(?}   Orc:2 :}*%

Annotations:
D:15 3 runed translucent doors, AyAyRon's ghost, adept DsFi
Lair:1 exclusion: 2 oklob plants
Lair:5 2 transporters, dxctxrx's ghost, journeyman HaHu
Shoals:1 1 transporter


Innate Abilities, Weirdness & Mutations

You cannot be hasted, slowed, berserked, paralysed or teleported.
You can dig through walls and to a lower floor.
Your four strong arms can wield two-handed weapons with a shield.
You have a pair of large antennae on your head. (SInv)
You are surrounded by a mild repulsion field. (EV +2)
You are clumsy. (Dex -2)
You are somewhat resistant to further mutation.
Potions are less effective at restoring your health.


Message History

Splash!
You fall into the shallow water.
Moving in this stuff is going to be slow.
The merfolk impaler hits you but does no damage.
You can't go up here!
You gain the combat prowess of a mighty hero.
The water nymph gestures at you while chanting.
The water swirls and strikes you!
* * * LOW HITPOINT WARNING * * *
The merfolk impaler hits you but does no damage.
Your system partially rejects the healing.
You feel better.
The water nymph points at you and mumbles some strange words.
The water swirls and strikes you. You block the merfolk impaler's attack.
Your system partially rejects the healing.
You feel better.
The merfolk impaler hits you but does no damage.
The water nymph casts a spell at you. The water swirls and strikes you!!!
You die...

≈≈≈≈≈≈≈≈≈...≈≈≈≈≈...≈.≈≈≈≈≈≈
≈≈≈≈≈≈≈≈≈≈÷≈≈≈≈≈≈..≈..≈≈≈≈≈≈
≈≈≈≈≈≈≈≈≈≈≈≈≈≈≈≈.....≈≈≈≈≈$^
≈≈≈≈≈≈≈≈≈≈..≈≈......≈≈≈≈≈≈≈.
≈≈≈≈≈≈≈≈≈≈>(.≈)m...≈≈≈≈≈≈≈≈.
≈≈≈≈≈≈≈).##)≈≈≈≈.≈≈≈≈≈≈≈≈≈≈.
≈≈≈≈≈≈≈..##(≈≈≈≈≈≈≈≈≈≈≈≈≈≈≈≈
≈≈≈≈≈≈≈≈.###mm≈≈≈≈.≈≈≈≈≈≈≈≈
≈≈≈≈≈≈≈≈≈..@≈≈≈≈≈≈(≈≈≈≈≈≈≈
≈≈≈≈≈≈≈≈≈≈≈≈≈≈≈≈≈≈≈≈≈≈≈≈≈
≈≈≈≈≈≈≈≈≈≈≈≈≈≈≈≈≈≈≈≈≈≈≈≈
≈≈≈≈≈≈≈≈≈≈≈≈≈≈≈≈≈≈≈≈≈≈
≈≈≈≈≈≈≈≈≈≈≈≈≈≈≈≈≈≈≈≈≈
≈≈≈≈≈≈≈≈≈≈≈≈≈≈≈≈≈≈≈
≈≈≈≈≈≈≈≈≈≈≈≈≈≈≈≈≈≈≈
≈≈≈≈≈≈≈≈≈≈≈≈≈≈≈≈≈


You could see a merfolk impaler, a merfolk and a water nymph.

Vanquished Creatures
  Rupert (D:12)
  An orc warlord (Bailey)
  Snorg (D:14)
  Josephine (D:11)
  2 ettins
  A yaktaur captain (D:14)
  Erolcha (Orc:1)
  3 hydras
  4 catoblepae
  An alligator snapping turtle (Shoals:1)
  3 centaur warriors
  5 tengu warriors
  An ogre mage (D:15)
  6 two-headed ogres
  11 death yaks
  An orc high priest (Orc:2)
  A deep elf knight (D:15)
  Nergalle (Lair:2)
  A sea snake (Shoals:1)
  5 unseen horrors
  A deep troll (D:15)
  A wizard (D:14)
  5 orc knights
  6 orc sorcerers
  2 cyclopes
  6 ugly things
  A centaur zombie (D:14)
  6 manticores
  8 elephants
  3 black mambas
  11 spiny frogs
  2 gargoyles
  A torpor snail (Lair:4)
  2 yaktaurs (D:14)
  A rime drake (Lair:6)
  5 komodo dragons
  2 tengu conjurers
  A harpy zombie (D:15)
  3 meliai (D:14)
  A queen bee (D:14)
  8 trolls
  A jumping spider (shapeshifter) (D:13)
  3 merfolk (Shoals:1)
  A polar bear (Lair:6)
  A hornet (D:11)
  Prince Ribbit (D:6)
  Grinder (D:4)
  22 blink frogs
  9 hippogriffs
  3 wind drakes (Shoals:1)
  A slime creature (D:7)
  4 dream sheep (Lair:4)
  Sigmund (D:2)
  A spriggan (shapeshifter) (D:12)
  A shadow (D:11)
  A wyvern (D:14)
  A tarantella (Lair:4)
  5 wraiths (D:11)
  80 yaks
  3 basilisks
  A human (D:7)
  4 hogs (D:7)
  Eustachio (D:6)
  3 steam dragons
  A hungry ghost (D:13)
  4 wargs (Orc:1)
  Menkaure (D:6)
  A soldier ant (D:12)
  An acid dragon (D:15)
  10 water moccasins
  10 porcupines
  Duvessa (D:7)
  4 ice beasts
  36 orc warriors
  3 sky beasts
  4 phantoms
  3 black bears (D:10)
  A necrophage (D:13)
  13 ogres
  9 wolves
  A centaur (shapeshifter) (D:14)
  17 centaurs
  13 crocodiles
  23 bullfrogs
  A wyvern zombie (D:14)
  7 big kobolds
  Blork the orc (D:6)
  Dowan (D:7)
  A wyvern skeleton (D:12)
  A scorpion (D:10)
  31 killer bees
  2 electric eels
  6 howler monkeys (D:9)
  9 jellies
  6 crimson imps
  5 bullfrog zombies
  A quasit (D:13)
  6 hounds
  A gnoll shaman (Orc:2)
  22 orc priests
  Crazy Yiuf (D:3)
  2 bullfrog skeletons
  6 centaur skeletons
  55 orc wizards
  5 iguanas
  11 worker ants
  A killer bee zombie (D:10)
  2 hound zombies (D:10)
  3 hound skeletons
  A howler monkey zombie (D:7)
  A worker ant zombie (D:8)
  23 gnolls
  3 river rats (Sewer)
  10 adders
  4 shadow imps
  4 oozes (D:7)
  5 worms
  3 dart slugs
  4 leopard geckos
  107 orcs
  6 bats
  2 giant cockroaches
  18 goblins
  20 hobgoblins
  13 jackals
  21 kobolds
  7 quokkas
  2 ball pythons
  10 frilled lizards
  8 rats
  2 fungi (Lair:6)
  A plant (D:10)
894 creatures vanquished.

Vanquished Creatures (others)
  A gnoll (Orc:2)
  A quokka (D:2)
  15 fungi
  3 plants
  8 toadstools (D:7)
28 creatures vanquished.

Grand Total: 922 creatures vanquished

Notes
Turn   | Place    | Note
-------+----------+-------------------------------------------
     0 | D:1      | Arum the Formicid Fighter began the quest for the Orb.
     0 | D:1      | Reached XP level 1. HP: 18/18 MP: 1/1
   175 | D:1      | Reached XP level 2. HP: 22/24 MP: 2/2
   863 | D:2      | Reached XP level 3. HP: 29/30 MP: 3/3
   948 | D:2      | Noticed Sigmund
   951 | D:2      | Reached skill level 4 in Fighting
   951 | D:2      | Reached XP level 4. HP: 34/37 MP: 4/4
   961 | D:2      | Killed Sigmund
   961 | D:2      | Reached skill level 5 in Shields
   961 | D:2      | Reached XP level 5. HP: 36/43 MP: 5/5
   961 | D:2      | Reached XP level 6. HP: 42/50 MP: 6/6
  1031 | D:2      | Found a white marble altar of Elyvilon.
  1061 | D:2      | Found a snail-covered altar of Cheibriados.
  1070 | D:2      | Became a worshipper of Cheibriados the Contemplative
  1519 | D:3      | Reached skill level 5 in Fighting
  1585 | D:3      | Found a blossoming altar of Fedhas.
  1606 | D:3      | Found an opulent altar of Gozag.
  1609 | D:3      | Found an iron altar of Okawaru.
  1609 | D:3      | Found a radiant altar of Vehumet.
  1609 | D:3      | Found a shimmering blue altar of Sif Muna.
  1610 | D:3      | Found a stormy altar of Qazlal.
  1610 | D:3      | Found a burning altar of Makhleb.
  1675 | D:3      | Found a runed translucent door.
  1676 | D:3      | Noticed Crazy Yiuf
  1690 | D:3      | Killed Crazy Yiuf
  2160 | D:3      | Found a bloodstained altar of Trog.
  2400 | D:4      | Reached XP level 7. HP: 48/56 MP: 7/7
  2426 | D:4      | Noticed Grinder
  2434 | D:4      | Fell from the grace of Cheibriados
  2441 | D:4      | Killed Grinder
  2566 | D:3      | Became a worshipper of Warmaster Okawaru
  2688 | D:4      | Reached skill level 6 in Fighting
  2818 | D:4      | Reached skill level 5 in Staves
  2839 | D:4      | Found an ornate altar of the Wu Jian Council.
  2873 | D:4      | Reached XP level 8. HP: 51/64 MP: 8/8
  2956 | D:4      | Found a blossoming altar of Fedhas.
  3457 | D:5      | Entered Level 5 of the Dungeon
  3480 | D:5      | Reached * piety under Okawaru
  3506 | D:5      | Found a glowing drain.
  3519 | Sewer    | Entered a sewer
  3630 | Sewer    | Found a glowing silver altar of Zin.
  3756 | D:5      | Found a staircase to the Ecumenical Temple.
  3800 | D:5      | Reached skill level 7 in Fighting
  3881 | D:5      | Found a shimmering altar of Xom.
  3881 | D:5      | Found a basalt altar of Yredelemnul.
  4380 | D:6      | Reached XP level 9. HP: 61/72 MP: 9/9
  4427 | D:6      | Found Socieh's Magic Scroll Boutique.
  4436 | D:6      | Bought a scroll of identify for 26 gold pieces
  4436 | D:6      | Bought a scroll of remove curse for 39 gold pieces
  4436 | D:6      | Bought a scroll of magic mapping for 45 gold pieces
  4496 | D:6      | Noticed Blork the orc
  4504 | D:6      | Killed Blork the orc
  4538 | D:6      | Noticed Menkaure
  4545 | D:6      | Killed Menkaure
  4892 | D:6      | Noticed Prince Ribbit
  4895 | D:6      | Noticed a two-headed ogre
  4913 | D:6      | Killed a two-headed ogre
  4913 | D:6      | Reached ** piety under Okawaru
  4913 | D:6      | Reached skill level 8 in Fighting
  4916 | D:6      | Killed Prince Ribbit
  5161 | D:6      | Noticed Eustachio
  5162 | D:6      | Got an amber-encrusted plate armour
  5180 | D:6      | Killed Eustachio
  5229 | D:6      | Reached XP level 10. HP: 75/82 MP: 10/10
  5235 | D:6      | Identified the +1 plate armour "Nekli" {+Fly Str+3} (You
                  | found it on level 6 of the Dungeon)
  5339 | D:6      | Reached skill level 9 in Fighting
  5561 | D:7      | Noticed Duvessa
  5566 | D:7      | Noticed Dowan
  5619 | D:7      | Reached *** piety under Okawaru
  5621 | D:7      | Killed Duvessa
  5626 | D:7      | Killed Dowan
  5823 | D:7      | Was forgiven by Cheibriados
  5913 | D:7      | Reached skill level 5 in Armour
  5926 | D:7      | HP: 2/84 [acid (3)]
  6461 | D:7      | Found Parava's Distillery.
  6467 | D:7      | Bought a potion of mutation for 112 gold pieces
  6467 | D:7      | Gained mutation: Potions are less effective at restoring
                  | your health. [potion of mutation]
  6467 | D:7      | Gained mutation: You are surrounded by a mild repulsion
                  | field. (EV +2) [potion of mutation]
  6467 | D:7      | Gained mutation: You are clumsy. (Dex -2) [potion of
                  | mutation]
  6467 | D:7      | Gained mutation: You are somewhat resistant to further
                  | mutation. [potion of mutation]
  6545 | D:7      | Reached **** piety under Okawaru
  6642 | D:7      | Reached skill level 10 in Fighting
  6835 | D:7      | Found a hazy altar of Hepliaklqana.
  6918 | D:7      | Found Plog's Gadget Shoppe.
  6998 | D:7      | Found a shattered altar of Ashenzari.
  7035 | D:7      | Reached XP level 11. HP: 78/92 MP: 9/11
  7198 | D:7      | Found Xetakhlyts's Magic Scroll Boutique.
  7205 | D:7      | Bought a scroll of noise for 11 gold pieces
  7213 | D:7      | Found Fuogil's Weapon Shop.
  7555 | D:8      | Reached ***** piety under Okawaru
  8764 | D:9      | Found a sacrificial altar of Ru.
  9131 | D:9      | Reached skill level 11 in Fighting
  9319 | D:10     | Entered Level 10 of the Dungeon
  9322 | D:10     | Noticed an unseen horror
  9331 | D:10     | Killed an unseen horror
  9331 | D:10     | Received a gift from Okawaru
  9331 | D:10     | Reached skill level 10 in Staves
  9561 | D:10     | Found a staircase to the Lair.
  9711 | D:10     | Found a hide-covered altar of Uskayaw.
 10269 | D:11     | Noticed a green ugly thing
 10273 | D:11     | Noticed a tengu warrior
 10288 | D:11     | Noticed Josephine
 10309 | D:11     | Killed Josephine
 10309 | D:11     | Received a gift from Okawaru
 10315 | D:11     | Reached XP level 12. HP: 37/102 MP: 12/12
 10329 | D:11     | Killed a tengu warrior
 10329 | D:11     | Reached skill level 12 in Fighting
 10665 | D:11     | Identified a scroll of acquirement
 10950 | D:11     | Noticed a two-headed ogre
 10960 | D:11     | Noticed a four-headed hydra
 10964 | D:11     | Killed a two-headed ogre
 10964 | D:11     | Reached skill level 10 in Armour
 10979 | D:11     | Killed a four-headed hydra
 10979 | D:11     | Reached ****** piety under Okawaru
 11261 | D:11     | Received a gift from Okawaru
 11298 | D:11     | Found a glowing golden altar of the Shining One.
 11735 | D:12     | Found a staircase to the Orcish Mines.
 11963 | D:12     | Noticed Rupert
 11980 | D:12     | Killed Rupert
 11980 | D:12     | Reached skill level 13 in Fighting
 11980 | D:12     | Reached XP level 13. HP: 88/111 MP: 13/13
 12327 | D:12     | Reached skill level 1 in Dodging
 12344 | D:12     | Received a gift from Okawaru
 12501 | D:12     | Reached skill level 10 in Shields
 13161 | D:13     | Found a flagged portal.
 13181 | Bailey   | Entered a bailey
 13550 | Bailey   | Noticed an orc warlord
 13568 | Bailey   | Killed an orc warlord
 13944 | Bailey   | Found the +7 great mace "Undeadhunter" {disrupt, rN+}
 14126 | D:13     | Reached skill level 1 in Invocations
 14345 | D:13     | Noticed a centaur warrior
 14350 | D:13     | Killed a centaur warrior
 14453 | D:13     | Noticed a centaur warrior
 14465 | D:13     | Killed a centaur warrior
 14760 | D:13     | Received a gift from Okawaru
 14763 | D:13     | Got a pair of polished boots {god gift}
 14809 | D:13     | Reached XP level 14. HP: 119/119 MP: 16/16
 14814 | D:13     | Identified the -4 pair of boots of Mymottuq {Int+3 Dex+2}
                  | (Okawaru gifted it to you on level 13 of the Dungeon)
 14825 | D:13     | Reached skill level 15 in Fighting
 14825 | D:13     | Reached XP level 15. HP: 129/129 MP: 17/17
 15202 | D:14     | Found a gate to the Vaults.
 15413 | D:14     | Reached skill level 5 in Invocations
 15700 | D:14     | Noticed Snorg
 15731 | D:14     | Killed Snorg
 15949 | D:14     | Reached skill level 5 in Dodging
 16092 | D:14     | Found a hazy altar of Hepliaklqana.
 16272 | D:14     | Reached skill level 16 in Fighting
 16395 | D:15     | Entered Level 15 of the Dungeon
 16645 | D:15     | Found a runed translucent gate.
 16646 | D:15     | Found a runed translucent gate.
 16647 | D:15     | Found a runed translucent gate.
 16647 | D:15     | Noticed AyAyRon's ghost (adept DsFi)
 16708 | D:15     | Received a gift from Okawaru
 17879 | D:15     | Found a staircase to the Depths.
 18343 | Orc:1    | Entered Level 1 of the Orcish Mines
 18711 | Orc:2    | Entered Level 2 of the Orcish Mines
 18797 | Orc:2    | Received a gift from Okawaru
 18805 | Orc:2    | Reached XP level 16. HP: 139/139 MP: 19/19
 19230 | Orc:2    | Found a staircase to the Elven Halls.
 19336 | Orc:2    | Found Qereeg's Book Shop.
 19336 | Orc:2    | Found Cofa's Food Boutique.
 19336 | Orc:2    | Found Ostuheby's Gadget Shop.
 19356 | Orc:2    | Found Cuitug's Assorted Antiques.
 19503 | Orc:2    | Bought a short copper wand for 92 gold pieces
 19732 | Orc:1    | Noticed Erolcha
 19748 | Orc:1    | Killed Erolcha
 20420 | Lair:1   | Entered Level 1 of the Lair of Beasts
 21101 | Lair:2   | Noticed Nergalle
 21111 | Lair:2   | Killed Nergalle
 22505 | Lair:3   | Received a gift from Okawaru
 22555 | Lair:3   | Reached skill level 17 in Fighting
 23386 | Lair:4   | Found a hole to the Spider Nest.
 23422 | Lair:4   | Found a staircase to the Shoals.
 23877 | Lair:5   | Found a transporter.
 23881 | Lair:5   | Found a transporter.
 23882 | Lair:5   | Noticed dxctxrx's ghost (journeyman HaHu)
 24188 | Lair:5   | You fall into a shaft and drop 1 floor!
 24188 | Lair:6   | Entered Level 6 of the Lair of Beasts
 24939 | Lair:6   | Reached XP level 17. HP: 147/147 MP: 20/20
 25037 | Lair:6   | Found a staircase to the Slime Pits.
 25041 | Lair:6   | Found a viscous altar of Jiyva.
 26419 | Shoals:1 | Entered Level 1 of the Shoals
 27030 | Shoals:1 | Found a transporter.
 27072 | Shoals:1 | Killed from afar by a water nymph

Levels and vault maps discovered:
D:1:      scummos_arrival_simple_fountains, layout_loops_cross,
          minmay_misc_feat_rugged
D:2:      layout_rooms, elyvilon_altar_4, kennysheep_slug_shrine, uniq_sigmund
D:3:      layout_loops_ring, nicolae_overflow_crystal_walls,
          grunt_temple_overflow_open, first_ration, glass_columns_a,
          uniq_crazy_yiuf_cottage
D:4:      layout_cave_pools, old_standard_altar, fedhas_bush_and_centaur_altar,
          uniq_grinder
D:5:      layout_basic, gammafunk_temple_overflow_statue,
          minmay_temple_entry_tees, cheibrodos_sewer_entry_drain
D:6:      layout_loops_cross, serial_shops, shop, chequers_serial_rivers_marsh,
          uniq_prince_ribbit1, uniq_blork_the_orc, uniq_menkaure, uniq_eustachio
D:7:      cheibrodos_fertilizer, layout_basic, kennysheep_mini_moat,
          lemuel_round_altar, serial_shops, shop, nicolae_shop_stone, shop,
          shop, grunt_livestock, uniq_duvessa
D:8:      kennysheep_steamy, layout_loops_ring, kennysheep_boxes
D:9:      layout_irregular_city, nicolae_ru_awakened_eye
D:10:     layout_basic, due_lair_maze_entry_diamond, basic_altar,
          roderic_lattice_a, minmay_misc_feat_tiny
D:11:     layout_basic, tso_metal_star, uniq_josephine
D:12:     layout_stronghold, corexii_corridor_pit, uniq_rupert
D:13:     layout_roguey, lightli_bailey_entry_fortress
D:14:     layout_roguey, david_vaults_2, special_room [special_room_bee],
          roderic_lattice_octagonal_star, basic_altar, minmay_microvault,
          uniq_snorg
D:15:     hangedman_depths_entry_civil_slaughter, layout_basic,
          gammafunk_ghost_split, minmay_misc_feat_columns, minmay_crystal_room
Lair:1:   layout_roguey, minmay_lair_oklob_chamber
Lair:2:   layout_gridlike, uniq_nergalle
Lair:3:   layout_hall_layers, chequers_serial_rivers_micro_d,
          beast_lair_carwin_6, infiniplex_staircase_pool
Lair:4:   layout_roguey, shoals_dummy_entry, spider_nest_entry_rubble,
          minivault_24, lemuel_fruit_fields
Lair:5:   layout_cave_pods, gammafunk_ghost_hive, lemuel_fruit_fields,
          infiniplex_staircase_pool_2
Lair:6:   evilmike_catoblepas_cave, layout_small_grid, slime_altar_1
Shoals:1: gammafunk_its_a_trap, layout_shoals, gammafunk_ghost_tricky_traps,
          serial_shops, shop
Orc:1:    layout_caves, uniq_erolcha
Orc:2:    st_orc_mages, layout_caves

Skill      XL: |  1  2  3  4  5  6  7  8  9 10 11 12 13 14 15 16 17 |
---------------+----------------------------------------------------+-----
Shields        | 4 5 6 8 9 11 12 | 12.2
Fighting       | 4 5 6 7 8 10 11 13 15 16 17 | 17.8
Staves         | 3 4 5 6 7 9 10 12 13 14 | 14.2
Armour         | 6 8 10 11 12 13 | 13.4
Dodging        | 4 6 8 9 |  9.5
Invocations    | 3 5 |  5.0

Action                   |  1- 3 |  4- 6 |  7- 9 | 10-12 | 13-15 | 16-18 || total
-------------------------+-------+-------+-------+-------+-------+-------++-------
Melee: Quarterstaff      |   119 |   125 |   310 |   673 |    14 |    15 ||  1256
       Lajatang          |       |       |       |   362 |   960 |  1042 ||  2364
Invok: Heroism           |       |       |     1 |     6 |     9 |     1 ||    17
       Finesse           |       |       |       |       |     2 |       ||     2
 Abil: Dig               |     1 |       |     1 |     9 |     9 |     6 ||    26
Evoke: Wand              |       |       |       |     5 |       |     3 ||     8
  Use: Potion            |       |     1 |     3 |    11 |     2 |     2 ||    19
       Scroll            |       |       |       |    10 |    10 |     7 ||    27
 Stab: Petrifying        |       |     2 |       |       |       |       ||     2
  Eat: Chunk             |       |     6 |    10 |    21 |    24 |    27 ||    88
       Ration            |       |       |       |     1 |     1 |       ||     2
Armor: Scale mail        |    51 |    30 |    65 |       |       |       ||   146
       Skin              |       |     2 |       |       |       |       ||     2
       Chain mail        |       |       |       |   243 |   237 |   192 ||   672
       Plate armour      |       |       |       |    47 |       |       ||    47
Dodge: Dodged            |    43 |    27 |    76 |   218 |   257 |   264 ||   885
       Deflected         |       |       |       |       |       |     3 ||     3
Block: Shield            |    56 |    62 |   132 |   432 |   507 |   517 ||  1706
